 Dungeon Crawl Stone Soup version 0.30.1-9-gdf580d7c3d (webtiles) character file.

Game seed: 12981088590182922362

450112 Onni the Wrestler (level 23, -1/361 HPs)
             Began as a Troll Berserker on Oct 9, 2023.
             Was the Champion of Trog.
             Slain by a deep troll (2 damage)
             ... on level 3 of the Depths on Oct 10, 2023.
             The game lasted 04:29:18 (54481 turns).

Onni the Wrestler (Troll Berserker)                Turns: 54481, Time: 04:29:18

Health: -1/361     AC: 32    Str: 39    XL:     23   Next: 18%
Magic:  22/22      EV:  9    Int:  3    God:    Trog [******]
Gold:   6208       SH: 33    Dex: 18    Spells: 22/22 levels left

rFire   . .          .
                       - Unarmed
rCold   + + .        a - +7 tower shield
rNeg    . . .        D - +2 gold dragon scales of Pandemonium {-Cast rPois rF+ rC+ Int-2 Dex+9 SInv}
rPois   +            V - +2 hat
rElec   +            z - +2 cloak {Will+}
rCorr   .            (gloves unavailable)
SInv    +            (boots unavailable)
Will    +++..        Q - amulet of reflection Stlth
                     P - ring of the Durable God {AC+4 Slay+3}
HPRegen 1.60/turn    o - ring of the Original Sin {Ice rElec Will+ Int+2}
MPRegen 0.18/turn

%: no spellcasting, reflection
@: berserking, studying 4 skills, very quick
A: large, unfitting armour, claws 3, regeneration 1, shaggy fur 1, tough skin 1
}: 2/15 runes: decaying, gossamer
a: Renounce Religion, Berserk, Trog's Hand, Brothers in Arms


You were on level 3 of the Depths.
You worshipped Trog.
Trog was exalted by your worship.
You visited 8 branches of the dungeon, and saw 40 of its levels.
You visited 1 bazaar.
You also visited: Sewer and Bailey.

You collected 6275 gold pieces.
You spent 67 gold pieces at shops.

Inventory:

Missiles
 L - 68 large rocks (quivered)
 X - 16 javelins
Armour
 a - a +7 tower shield (worn)
 n - +0 gold dragon scales
 v - the +18 shield of the Gong {Loud rN+ Will+ rCorr EV-5}
   (You found it on level 3 of the Depths)

   Loud:      It is deafeningly noisy when blocking attacks.
   EV:        It affects your evasion (-5).
   rN:        It protects you from negative energy.
   rCorr:     It protects you from acid and corrosion.
   Will:      It increases your willpower.
 z - a +2 cloak of willpower (worn)
 D - the +2 gold dragon scales of Pandemonium (worn) {-Cast rPois rF+ rC+ Int-2 Dex+9 SInv}
   (You found it on level 5 of the Lair of Beasts)

   Int:       It affects your intelligence (-2).
   Dex:       It affects your dexterity (+9).
   rF:        It protects you from fire.
   rC:        It protects you from cold.
   rPois:     It protects you from poison.
   SInv:      It lets you see invisible.
   -Cast:     It prevents spellcasting.
 V - a +2 hat (worn)
Jewellery
 b - a ring of ice
 o - the ring of the Original Sin (right claw) {Ice rElec Will+ Int+2}
   (You acquired it in a bailey)

   [ring of ice]

   It enhances your ice magic.
   Int:       It affects your intelligence (+2).
   rF:        It makes you vulnerable to fire.
   rC:        It protects you from cold.
   rElec:     It insulates you from electricity.
   Will:      It increases your willpower.
 r - the amulet of the Invisible Hand {rElec rPois Regen+}
   (You found it on level 3 of the Depths)

   [amulet of regeneration]

   rElec:     It insulates you from electricity.
   rPois:     It protects you from poison.
   Regen:     It increases your rate of health regeneration.
 B - a ring of protection from fire
 P - the ring of the Durable God (left claw) {AC+4 Slay+3}
   (You took it off a deep elf pyromancer on level 3 of the Elven Halls)

   [ring of protection]

   AC:        It affects your AC (+4).
   Slay:      It affects your accuracy & damage with ranged weapons and melee
   (+3).
 Q - an amulet of reflection (around neck)
 S - a ring of resist corrosion
 U - a ring of flight
 Y - a ring of protection from fire
Wands
 d - a wand of acid (41)
 f - a wand of flame (12)
 F - a wand of iceblast (24)
 H - a wand of digging (18)
Scrolls
 c - 14 scrolls of teleportation
 e - 8 scrolls of blinking
 j - 2 scrolls of silence
 k - 5 scrolls of poison
 q - 26 scrolls of identify
 t - 10 scrolls of fear
 A - 4 scrolls of butterflies
 C - 4 scrolls of magic mapping
 N - a scroll of fog
Potions
 g - 11 potions of might
 h - 26 potions of curing
 i - 4 potions of magic
 l - 5 potions of resistance
 m - 12 potions of heal wounds
 p - 7 potions of berserk rage
 s - 12 potions of attraction
 u - 6 potions of haste
 x - 5 potions of flight
 E - 7 potions of ambrosia
 G - 5 potions of lignification
 R - 3 potions of invisibility
 W - 2 potions of cancellation
Miscellaneous
 w - a condenser vane
 J - a lightning rod (4/4)
 T - a phial of floods


   Skills:
 + Level 16.8 Fighting
 + Level 11.7 Throwing
 + Level 12.5 Armour
 - Level 10.0 Dodging
 - Level 3.0 Stealth
 + Level 17.4 Shields
 * Level 25.3 Unarmed Combat
 - Level 5.0 Evocations


You had 22 spell levels left.
You didn't know any spells.
Your spell library was empty.

Dungeon Overview and Level Annotations

Branches:
Dungeon (15/15)            Temple (0/1) D:7            Lair (5/5) D:8
  Swamp (4/4) Lair:3       Spider (4/4) Lair:2        Slime (0/5) Lair:5
    Orc (2/2) D:11            Elf (3/3) Orc:2        Vaults (4/5) D:13
  Crypt (0/3) Vaults:2     Depths (3/4) D:15          Sewer (visited)
 Bailey (visited)

Altars:
Ashenzari
Dithmenos
Elyvilon
Fedhas
Kikubaaqudgha
Nemelex Xobeh
Okawaru
Qazlal
Sif Muna
Zin
The Shining One
Jiyva

Shops:
D:10 (   D:11 (   Orc:1 *   Orc:2 (=*   Elf:3 *:!   Vaults:1 (   Depths:2 ***

Portals:
Hell: Depths:1 Depths:2 Depths:3
Abyss: Depths:3
Pandemonium: Depths:2
Ziggurat: Depths:1


Innate Abilities, Weirdness & Mutations

You are too large for most types of armour.
You have claws for hands.
Your natural rate of healing is unusually fast.
You are covered in fur. (AC +1)
You have tough skin. (AC +1)


Message History

You eviscerate the deep troll shaman!!!
The deep troll shaman is severely wounded.
You block the deep troll's attack. The deep troll claws you!
* * * LOW HITPOINT WARNING * * *
You block the deep troll's attack.
The deep troll shaman calls upon its god to speed up the deep troll.
The deep troll seems to speed up.
The deep troll bites you!
* * * LOW HITPOINT WARNING * * *
The deep troll claws you!!
* * * LOW HITPOINT WARNING * * *
You block the deep troll's attack.
A red film seems to cover your vision as you go berserk!
You feel yourself moving faster!
You feel mighty! The deep troll bites you!
* * * LOW HITPOINT WARNING * * *
The deep troll claws you.
* * * LOW HITPOINT WARNING * * *
You block the deep troll's attack. x2; The deep troll misses you.
You block the deep troll's attack. The deep troll shaman bites you.
* * * LOW HITPOINT WARNING * * *
You block the deep troll shaman's attack.
The deep troll shaman claws you!
* * * LOW HITPOINT WARNING * * *
The deep troll closely misses you. You block the deep troll's attack. x2
You barely miss the deep troll shaman.
The deep troll shaman is severely wounded.
You block the deep troll's attack.
The deep troll claws you but does no damage.
You block the deep troll's attack.
You mangle the deep troll shaman!!
You feel the power of Trog in you as your rage grows.
You kill the deep troll shaman!
Trog accepts your kill.
The troll leather armour is intact enough to wear.
You block the deep troll's attack. x2
The deep troll claws you but does no damage.
You block the deep troll's attack. x3; The deep troll bites you.
* * * LOW HITPOINT WARNING * * *
The deep troll claws you but does no damage. x2
The deep troll bites you.
You die...

..##.......#........###....#.##..
..#........#..........#.######...
.###....................#....####
......................###.......#
......###+###..........[.........
.....## #...................
....## #...##.##.......... ...##
##.T#...##........# ...#
#@T.....#........# ...#
.......T......#........#
...+...........'.#.....#........#
...#.............##...##........#
#...........#..##)##.........#
#.......).##...)....#######..
#.......##....†...##.....##.
#.....##........##.......##
...##.'..TT.......##.........#


You could see 3 deep trolls.

Vanquished Creatures
  4 juggernauts
  Boris (Depths:3)
  Sojobo (Vaults:2)
  the Lernaean hydra (Swamp:4)
  Saint Roka (Orc:2)
  The ghost of TuffENuff the End of an Era, a veteran FoFi of Qazlal (Vaults:1)
  The ghost of Dacon the Minotaur Blade, an adept MiGl of Gozag (Vaults:3)
  3 golden dragons (Depths:3)
  The ghost of HilariousDeathArtist the Champion of Chaos, an adept CeWn of Makhleb (Vaults:3)
  Rupert (Lair:5)
  A tentacled monstrosity (Depths:3)
  2 liches
  3 titans
  A walking earthen tome (Depths:3)
  Asterion (Depths:1)
  2 walking frostbound tomes (Depths:3)
  2 quicksilver dragons (Depths:3)
  A deep elf master archer (Elf:3)
  3 deep elf blademasters
  Frances (Swamp:2)
  4 sphinxes
  The ghost of Peloso the Fencer, an adept MiFi of Okawaru (Swamp:2)
  5 tengu reavers
  A shadow dragon (Depths:3)
  6 frost giants
  An iron dragon (Depths:2)
  9 fire giants
  8 deep elf sorcerers
  8 vault wardens
  6 emperor scorpions
  The ghost of Coysis the Polluter, a journeyman DEVM of Vehumet (Swamp:2)
  5 ghost moths
  5 orc warlords
  6 broodmothers
  3 deep elf elementalists
  2 angels (Elf:1)
  A broodmother (shapeshifter) (Depths:1)
  17 ironbound preservers
  18 very ugly things
  16 stone giants
  14 ironbound thunderhulks
  3 eleionomae
  13 dire elephants
  3 vampire knights
  A lorocyproca (Depths:2)
  7 deep elf demonologists
  The ghost of dumdrum the Destroyer, a journeyman HuCj of Vehumet (Lair:5)
  7 bunyips
  Nessos (D:12)
  5 deep elf annihilators (Elf:3)
  12 spark wasps
  8 deep elf death magi (Elf:3)
  The ghost of Sieca the Fencer, a journeyman MfGl of Okawaru (Lair:4)
  2 eidola (Vaults:2)
  9 ettins
  A fire dragon (Depths:1)
  A crystal guardian (Vaults:3)
  Josephine (D:12)
  8 deep elf high priests
  The ghost of Rihmasto the Spear-Bearer, a journeyman MiBe of Trog (D:11)
  6 entropy weavers
  4 yaktaur captains
  6 great orbs of eyes
  17 hydras
  7 ice dragons
  A hydra (shapeshifter) (Elf:3)
  A radroach (Spider:4)
  5 rakshasas
  8 vault guards
  A peacekeeper (Vaults:3)
  5 jorogumos
  2 ghost crabs
  The ghost of Tamtam the Marksdemigod, a journeyman DgHu (Lair:1)
  Harold (Lair:2)
  4 spriggan air magi
  11 centaur warriors
  7 ironbound frosthearts
  4 catoblepae
  A death knight (D:14)
  24 dancing weapons
  7 death scarabs (Spider:4)
  3 vampire magi
  8 boulder beetles
  8 deep troll shamans
  6 death yaks (Lair:5)
  5 alligators
  11 tengu warriors
  3 two-headed ogres
  8 deep troll earth magi
  3 spriggan berserkers
  8 hell knights
  7 orc high priests
  A soul eater (Depths:2)
  20 deep elf knights
  7 iron trolls
  2 sun moths (Spider:4)
  A goliath frog (Swamp:1)
  10 pharaoh ants
  A flayed ghost (Depths:3)
  2 glowing orange brains (Depths:3)
  A spectral hydra (Lair:3)
  14 swamp dragons
  5 spriggan druids
  64 deep trolls
  8 orb spiders
  An obsidian statue (Depths:2)
  2 bog bodies
  Pikel (D:7)
  A spectral wolf spider (Spider:4)
  19 deep elf archers
  8 lindwurms
  2 necromancers
  7 wizards
  20 wolf spiders
  5 manticores
  A wolf spider zombie (Spider:4)
  33 deep elf pyromancers
  35 deep elf zephyrmancers
  7 steelbarb worms
  A phantasmal warrior (Vaults:2)
  9 orc knights
  23 ironbound convokers
  2 will-o-the-wisps
  17 ugly things
  A salamander (Lair:3)
  4 orc sorcerers
  4 cyclopes
  A salamander (shapeshifter) (D:15)
  7 moths of wrath
  15 vault sentinels
  52 slime creatures
  12 elephants (Lair:5)
  The ghost of laros the Chopper, a novice MiBe of Trog (D:4)
  11 cane toads
  2 black mambas
  4 gargoyles
  3 demonic crawlers
  4 torpor snails
  An orange demon (Depths:2)
  Psyche (D:12)
  2 efreet
  2 kobold demonologists (D:11)
  A yaktaur (shapeshifter) (D:13)
  A spectral redback (Spider:4)
  11 komodo dragons
  3 rime drakes
  A tengu conjurer (Depths:1)
  18 yaktaurs
  A redback zombie (Spider:4)
  2 red devils (Depths:2)
  4 trolls
  2 bloated husks (Swamp:3)
  8 hornets
  3 spectral tarantellas (Spider:4)
  6 meliai
  6 tyrant leeches
  4 polar bears
  13 blink frogs
  A spectral culicivora (Spider:4)
  2 tarantella zombies (Spider:4)
  35 tarantellas
  3 dream sheep (Lair:4)
  A slime creature (shapeshifter) (Depths:3)
  A culicivora zombie (Spider:4)
  A spectral dream sheep (Lair:3)
  3 jumping spider zombies (Spider:4)
  A culicivora (shapeshifter) (D:13)
  5 air elementals
  34 jumping spiders
  18 culicivoras
  A vampire (D:12)
  49 yaks
  6 water elementals
  A wyvern (Lair:2)
  10 spriggans
  7 wraiths
  A human (shapeshifter) (Depths:3)
  4 fire elementals
  9 basilisks
  2 fire bats (Lair:4)
  13 vampire mosquitoes
  53 redbacks
  21 swamp worms
  Menkaure (D:7)
  Edmund (D:5)
  6 wargs
  15 water moccasins
  Duvessa (D:7)
  38 orc warriors
  8 ice beasts
  A spectral polar bear (Lair:3)
  8 swamp drakes
  Pargi (Sewer)
  4 black bears
  2 sky beasts
  4 ogres
  11 centaurs
  28 wolves
  A phantom (D:5)
  A spectral basilisk (Lair:3)
  Blork the orc (D:5)
  A gnoll sergeant (D:5)
  11 kobold brigands
  14 bullfrogs
  2 earth elementals
  2 scorpions
  8 wights
  Dowan (D:7)
  9 killer bees
  2 howler monkeys
  5 electric eels
  7 jellies
  6 hounds
  27 orc priests
  Crazy Yiuf (D:5)
  2 gnoll boudas
  3 iguanas (D:4)
  4 sleepcaps
  Ijyb (D:5)
  26 orc wizards
  15 adders
  25 gnolls
  3 white imps
  An ufetubus (D:6)
  2 worms (D:3)
  6 dart slugs
  81 orcs
  13 endoplasms
  5 giant cockroaches
  18 hobgoblins
  4 jackals
  A jackal (shapeshifter) (Elf:1)
  9 quokkas
  10 ball pythons
  14 bats
  4 frilled lizards
  19 goblins
  19 kobolds
  12 rats
1795 creatures vanquished.

Vanquished Creatures (collateral kills)
  2 deep elf annihilators (Elf:3)
  A deep elf zephyrmancer (Elf:3)
3 creatures vanquished.

Vanquished Creatures (others)
  A ghost crab (Swamp:1)
  2 deep elf knights
  2 deep elf pyromancers
  A deep elf zephyrmancer (Elf:2)
  3 bloated husks
  A hornet (Swamp:4)
  A fire vortex (Lair:3)
  12 foxfires
23 creatures vanquished.

Grand Total: 1821 creatures vanquished

Notes
Turn   | Place    | Note
-------+----------+-------------------------------------------
     0 | D:1      | Onni the Troll Berserker began the quest for the Orb.
     0 | D:1      | Reached XP level 1. HP: 22/22 MP: 0/0
   144 | D:1      | Reached XP level 2. HP: 29/29 MP: 1/1
   315 | D:1      | Reached ** piety under Trog
   554 | D:1      | Reached XP level 3. HP: 36/36 MP: 2/2
   774 | D:2      | Found a glowing silver altar of Zin.
   936 | D:2      | Found a faded altar of an unknown god.
   960 | D:2      | Reached skill level 1 in Throwing
  1191 | D:2      | Reached skill level 4 in Unarmed Combat
  1470 | D:2      | Reached XP level 4. HP: 44/44 MP: 3/3
  1668 | D:3      | Reached *** piety under Trog
  1675 | D:3      | Found a glowing drain.
  1681 | Sewer    | Entered a sewer
  1825 | Sewer    | Reached XP level 5. HP: 53/53 MP: 4/4
  1838 | Sewer    | Noticed Pargi
  1849 | Sewer    | Killed Pargi
  1850 | Sewer    | Reached skill level 5 in Unarmed Combat
  2224 | D:3      | Reached XP level 6. HP: 56/61 MP: 5/5
  2610 | D:4      | Found a transporter.
  2632 | D:4      | Reached **** piety under Trog
  2705 | D:4      | Found a transporter.
  2709 | D:4      | Noticed laros's ghost (novice MiBe)
  2910 | D:4      | Found a stormy altar of Qazlal.
  3092 | D:4      | Reached skill level 6 in Unarmed Combat
  3121 | D:4      | Reached XP level 7. HP: 68/68 MP: 6/6
  3134 | D:4      | Killed laros's ghost
  3195 | D:5      | Entered Level 5 of the Dungeon
  3260 | D:5      | Reached skill level 7 in Unarmed Combat
  3483 | D:5      | Reached XP level 8. HP: 79/79 MP: 7/7
  3662 | D:5      | Noticed Edmund
  3662 | D:5      | Noticed Ijyb
  3676 | D:5      | Killed Ijyb
  3683 | D:5      | Killed Edmund
  3684 | D:5      | Reached skill level 5 in Fighting
  3684 | D:5      | Reached skill level 8 in Unarmed Combat
  3763 | D:5      | Identified the +10 sling of Righteous Anger {freeze, Int+8
                  | Dex+2}
  3779 | D:5      | Found a runed translucent door.
  3780 | D:5      | Noticed Crazy Yiuf
  3784 | D:5      | Killed Crazy Yiuf
  4197 | D:5      | Noticed Blork the orc
  4209 | D:5      | Killed Blork the orc
  4653 | D:6      | Reached skill level 5 in Throwing
  4757 | D:6      | Reached XP level 9. HP: 85/88 MP: 8/8
  4835 | D:6      | Reached skill level 9 in Unarmed Combat
  4902 | D:6      | Identified the +1 spear of Qeallay {venom, MP+9 Int+3}
  5190 | D:6      | Found a sparkling altar of Nemelex Xobeh.
  5302 | D:6      | Found a shimmering blue altar of Sif Muna.
  5431 | D:7      | Found a staircase to the Ecumenical Temple.
  5457 | D:7      | Noticed Duvessa
  5499 | D:7      | Killed Duvessa
  5509 | D:7      | Noticed Dowan
  5519 | D:7      | Killed Dowan
  5572 | D:7      | Found a glowing golden altar of the Shining One.
  5761 | D:7      | Noticed Pikel
  5786 | D:7      | Killed Pikel
  5787 | D:7      | Reached skill level 10 in Unarmed Combat
  5986 | D:7      | Noticed Menkaure
  5992 | D:7      | Killed Menkaure
  6432 | D:8      | Noticed a polar bear
  6448 | D:8      | Killed a polar bear
  6449 | D:8      | Reached XP level 10. HP: 98/100 MP: 9/9
  6472 | D:8      | Reached skill level 11 in Unarmed Combat
  6507 | D:8      | Found a staircase to the Lair.
  6766 | D:8      | Found a shadowy altar of Dithmenos.
  6921 | D:8      | Reached ***** piety under Trog
  7343 | D:8      | Found an iron altar of Okawaru.
  8035 | D:9      | Reached skill level 12 in Unarmed Combat
  8191 | D:9      | Found a flagged portal.
  8203 | Bailey   | Entered a bailey
  8442 | Bailey   | Identified a scroll of acquirement
  8442 | Bailey   | Acquired the ring of the Original Sin {Ice rElec Will+
                  | Int+2}
  9019 | Bailey   | Reached XP level 11. HP: 89/109 MP: 10/10
  9070 | Bailey   | Noticed an orc warlord
  9151 | Bailey   | Killed an orc warlord
  9258 | Bailey   | Reached skill level 14 in Unarmed Combat
  9258 | Bailey   | Reached XP level 12. HP: 122/122 MP: 11/11
  9828 | D:10     | Entered Level 10 of the Dungeon
  9851 | D:10     | Found Ucoah's Antique Weapon Shop.
  9891 | D:10     | Received a gift from Trog
 10419 | D:10     | You fall into a shaft and drop 3 floors!
 10484 | D:14     | Noticed a death knight
 10489 | D:14     | Killed a death knight
 10972 | D:12     | Noticed a tengu warrior
 10974 | D:12     | Noticed Josephine
 11010 | D:11     | Found a runed translucent gate.
 11010 | D:11     | Found a runed translucent gate.
 11010 | D:11     | Found a runed translucent gate.
 11011 | D:11     | Noticed Rihmasto's ghost (journeyman MiBe)
 11053 | D:11     | Found a staircase to the Orcish Mines.
 11053 | D:11     | Found Kuasiago's Weapon Boutique.
 11556 | D:11     | Reached skill level 15 in Unarmed Combat
 11869 | D:11     | Found a blossoming altar of Fedhas.
 12284 | D:11     | Reached skill level 10 in Throwing
 12534 | D:11     | Killed Rihmasto's ghost
 12535 | D:11     | Reached XP level 13. HP: 132/132 MP: 12/12
 12635 | D:11     | Received a gift from Trog
 12755 | D:11     | Reached skill level 10 in Fighting
 12755 | D:11     | Reached skill level 16 in Unarmed Combat
 12801 | D:12     | Noticed Nessos
 12881 | D:12     | Noticed Psyche
 12894 | D:12     | Killed Psyche
 13088 | D:12     | Killed Nessos
 13432 | D:12     | Killed Josephine
 13855 | Lair:1   | Entered Level 1 of the Lair of Beasts
 14342 | Lair:1   | Found a runed translucent gate.
 14434 | Lair:1   | Found a runed translucent gate.
 14434 | Lair:1   | Found a runed translucent gate.
 14594 | Lair:1   | Found a viscous altar of Jiyva.
 14594 | Lair:1   | Noticed Tamtam's ghost (journeyman DgHu)
 14610 | Lair:1   | Killed Tamtam's ghost
 14677 | Lair:1   | Identified the staff of earth "Idoonun" {rN+ Str+3 Dex-5}
 14772 | Lair:2   | You fall into a shaft and drop 1 floor!
 15450 | Lair:2   | Noticed Harold
 15460 | Lair:2   | Reached skill level 17 in Unarmed Combat
 15476 | Lair:2   | Killed Harold
 15764 | Lair:2   | Found a hole to the Spider Nest.
 16133 | Lair:3   | Received a gift from Trog
 16244 | Lair:3   | Reached skill level 5 in Dodging
 16244 | Lair:3   | Reached XP level 14. HP: 116/144 MP: 13/13
 16841 | Lair:3   | Found a staircase to the Swamp.
 17762 | Lair:4   | Found a runed translucent door.
 17763 | Lair:4   | Noticed Sieca's ghost (journeyman MfGl)
 17906 | Lair:4   | Reached skill level 18 in Unarmed Combat
 18043 | Lair:4   | Identified the +4 rapier of Mayhem {flame, *Corrode Dex+6}
 18356 | Lair:4   | Killed Sieca's ghost
 18434 | Lair:5   | Entered Level 5 of the Lair of Beasts
 18434 | Lair:5   | Found a viscous altar of Jiyva.
 18434 | Lair:5   | Found a staircase to the Slime Pits.
 18840 | Lair:5   | Found a runed translucent door.
 18847 | Lair:5   | Noticed dumdrum's ghost (journeyman HuCj)
 18856 | Lair:5   | Noticed Rupert
 18875 | Lair:5   | Killed Rupert
 19220 | Lair:5   | Received a gift from Trog
 19427 | Lair:5   | Killed dumdrum's ghost
 19705 | Lair:5   | Reached skill level 19 in Unarmed Combat
 19739 | Lair:5   | Identified the +2 gold dragon scales of Pandemonium {-Cast
                  | rPois rF+ rC+ Int-2 Dex+9 SInv}
 20080 | Orc:1    | Entered Level 1 of the Orcish Mines
 20080 | Orc:1    | Noticed an orc warlord
 20114 | D:11     | Killed an orc warlord
 20115 | D:11     | Reached skill level 1 in Armour
 20115 | D:11     | Reached XP level 15. HP: 156/156 MP: 14/14
 20248 | Orc:1    | Found Fusialau's Assorted Antiques.
 20625 | Orc:2    | Entered Level 2 of the Orcish Mines
 20627 | Orc:2    | Noticed Saint Roka
 20659 | Orc:2    | Killed Saint Roka
 21050 | Orc:2    | Received a gift from Trog
 21276 | Orc:2    | Reached skill level 5 in Armour
 21385 | Orc:2    | Found Oriumus's Distillery.
 21387 | Orc:2    | Found Circhah's Jewellery Shop.
 21391 | Orc:2    | Found Kaotegue's Antique Weapon Shop.
 21393 | Orc:2    | Found Edigoxto's Assorted Antiques.
 21589 | Orc:2    | Found a staircase to the Elven Halls.
 22202 | D:13     | Found a gate to the Vaults.
 22628 | D:13     | Received a gift from Trog
 23222 | D:14     | Reached skill level 1 in Shields
 23603 | D:15     | Entered Level 15 of the Dungeon
 24445 | D:15     | Found a staircase to the Depths.
 24454 | D:15     | Reached skill level 5 in Shields
 24914 | Swamp:1  | Entered Level 1 of the Swamp
 25439 | Swamp:1  | Found the +3 giant club "Skullcrusher" {speed, Str+7}
 25454 | Swamp:1  | Identified the staff of fire "Otoupou" {rF+ Dex+4}
 25545 | Swamp:1  | Reached XP level 16. HP: 112/165 MP: 15/15
 26397 | Swamp:2  | Noticed Frances
 26407 | Swamp:2  | Received a gift from Trog
 26420 | Swamp:2  | Killed Frances
 26694 | Swamp:2  | Found a runed translucent gate.
 26694 | Swamp:2  | Found a runed translucent gate.
 26694 | Swamp:2  | Found a runed translucent gate.
 26702 | Swamp:2  | Noticed Peloso's ghost (adept MiFi)
 26702 | Swamp:2  | Noticed Coysis's ghost (journeyman DEVM)
 26720 | Swamp:2  | Killed Coysis's ghost
 26730 | Swamp:2  | Killed Peloso's ghost
 27020 | Swamp:3  | Reached skill level 10 in Shields
 27745 | Swamp:4  | Entered Level 4 of the Swamp
 29592 | Swamp:4  | Noticed the 27-headed Lernaean hydra
 29687 | Swamp:4  | Killed the 27-headed Lernaean hydra
 29819 | Swamp:4  | Got a decaying rune of Zot
 30294 | Spider:1 | Entered Level 1 of the Spider Nest
 30534 | Spider:1 | Reached XP level 17. HP: 173/175 MP: 16/16
 30763 | Spider:1 | Reached ****** piety under Trog
 31223 | Spider:1 | You fall into a shaft and drop 1 floor!
 32220 | Spider:2 | Received a gift from Trog
 33689 | Spider:3 | Received a gift from Trog
 34678 | Spider:4 | Entered Level 4 of the Spider Nest
 35167 | Spider:4 | Reached XP level 18. HP: 121/185 MP: 17/17
 36454 | Spider:4 | Received a gift from Trog
 36526 | Spider:4 | Reached skill level 10 in Dodging
 36605 | Spider:4 | Reached skill level 10 in Armour
 36817 | Spider:4 | Got a gossamer rune of Zot
 38756 | Elf:1    | Entered Level 1 of the Elven Halls
 38828 | Elf:1    | Found a glowing silver altar of Zin.
 39010 | Elf:1    | Received a gift from Trog
 39087 | Elf:1    | Noticed an Ice Fiend
 39120 | Elf:1    | Found an ancient bone altar of Kikubaaqudgha.
 39405 | Elf:1    | Reached skill level 20 in Unarmed Combat
 39414 | Elf:1    | Received a gift from Trog
 39472 | Elf:1    | Paralysed by an air elemental for 1 turns
 39558 | Elf:1    | You fall into a shaft and drop 1 floor!
 39845 | Elf:2    | Found a huge runed translucent gate.
 39845 | Elf:2    | Found a huge runed translucent gate.
 39846 | Elf:2    | Found a huge runed translucent gate.
 39847 | Elf:2    | Found a huge runed translucent gate.
 39851 | Elf:2    | Found a huge runed translucent gate.
 40012 | Elf:2    | Reached XP level 19. HP: 194/195 MP: 18/18
 40271 | Elf:2    | Paralysed by an air elemental for 1 turns
 40275 | Elf:2    | Paralysed by an air elemental for 1 turns
 40276 | Elf:2    | Received a gift from Trog
 40824 | Elf:1    | Found a white marble altar of Elyvilon.
 40824 | Elf:1    | Found a glowing golden altar of the Shining One.
 41345 | Elf:3    | Entered Level 3 of the Elven Halls
 41735 | Elf:3    | Found Foosefag's Book Shop.
 41760 | Elf:3    | Found Kurauwny's Distillery.
 41781 | Elf:3    | Reached skill level 21 in Unarmed Combat
 41786 | Elf:3    | Received a gift from Trog
 41840 | Elf:3    | Noticed a Tzitzimitl
 42234 | Elf:3    | Found Kiasycw's General Store.
 42606 | Elf:3    | Identified the +4 lajatang of the Beginning {flame, rElec
                  | Str+4 Stlth+}
 42979 | Elf:3    | Found the necklace of Bloodlust {Fury *Rage Will++ Int-3
                  | Slay+6}
 42993 | Elf:3    | Identified the ring of the Durable God {AC+4 Slay+3}
 43019 | Elf:3    | Identified the staff of cold "Hiphaz" {rC+ MP+9}
 43030 | Elf:3    | Identified the +4 sling "Poblar" {freeze, Str+4}
 43038 | Elf:3    | Identified the +10 scimitar of Reapportionment {flame,
                  | Int+5 Dex+5 SInv}
 43041 | Elf:3    | Identified the +10 sling of Bodily Humours {drain, Dex+4}
 43681 | Vaults:1 | Entered Level 1 of the Vaults
 43716 | D:13     | Received a gift from Trog
 43753 | Vaults:1 | Reached skill level 15 in Shields
 44023 | Vaults:1 | Found Batar's Weapon Emporium.
 44242 | Vaults:1 | Reached XP level 20. HP: 199/209 MP: 19/19
 44448 | Vaults:1 | Reached skill level 22 in Unarmed Combat
 44550 | Vaults:1 | Found a runed translucent gate.
 44550 | Vaults:1 | Noticed TuffENuff's ghost (veteran FoFi)
 44709 | Vaults:1 | Reached skill level 15 in Fighting
 44889 | Vaults:1 | Reached skill level 1 in Stealth
 45462 | Vaults:1 | Found a runed translucent gate.
 45462 | Vaults:1 | Found a runed translucent gate.
 45463 | Vaults:1 | Identified the ring of Viamaycs {Fly AC+4 Str-3 Int+5
                  | Stlth+}
 45648 | Vaults:2 | Reached skill level 1 in Evocations
 45712 | Vaults:2 | Received a gift from Trog
 46347 | Vaults:2 | Noticed Sojobo
 46416 | Vaults:2 | Paralysed by an air elemental for 1 turns
 46426 | Vaults:2 | Killed Sojobo
 46545 | Vaults:2 | Found a staircase to the Crypt.
 46678 | Vaults:2 | Received a gift from Trog
 46984 | Vaults:2 | Reached skill level 23 in Unarmed Combat
 47231 | Vaults:3 | Reached XP level 21. HP: 144/219 MP: 20/20
 47677 | Vaults:3 | Received a gift from Trog
 47977 | Vaults:3 | Found a runed translucent gate.
 47977 | Vaults:3 | Found a runed translucent gate.
 47977 | Vaults:3 | Found a runed translucent gate.
 47978 | Vaults:3 | Noticed HilariousDeathArtist's ghost (adept CeWn)
 47978 | Vaults:3 | Noticed Dacon's ghost (adept MiGl)
 48016 | Vaults:3 | Killed Dacon's ghost
 48045 | Vaults:3 | Killed HilariousDeathArtist's ghost
 48875 | Vaults:4 | Reached skill level 5 in Evocations
 49010 | Vaults:4 | Received a gift from Trog
 50138 | Vaults:1 | Reached skill level 24 in Unarmed Combat
 50161 | Vaults:1 | Killed TuffENuff's ghost
 50556 | Depths:1 | Entered Level 1 of the Depths
 50627 | Depths:1 | Found a gateway to Hell.
 50641 | Depths:1 | Received a gift from Trog
 50641 | Depths:1 | Found the +10 morningstar "Eos" {elec, Halo rElec}
 50860 | Depths:1 | Found a one-way gateway to a ziggurat.
 50916 | Depths:1 | Acquired a manual of Armour
 50972 | Depths:1 | Reached XP level 22. HP: 212/229 MP: 21/21
 51245 | Depths:1 | Noticed a juggernaut
 51430 | Depths:1 | Found a runed translucent door.
 51435 | Depths:1 | Noticed a juggernaut
 51460 | Depths:1 | Killed a juggernaut
 51496 | Depths:1 | Killed a juggernaut
 51580 | Depths:1 | Noticed Asterion
 51603 | Depths:1 | Killed Asterion
 52108 | Depths:2 | Found Ukoggey's General Store.
 52131 | Depths:2 | Found a one-way gate leading to the halls of Pandemonium.
 52258 | Depths:2 | Found Ninadicuic's Assorted Antiques.
 52353 | Depths:2 | Found Runyema's General Store.
 52360 | Depths:2 | Received a gift from Trog
 52594 | Depths:2 | Found a broken altar of Ashenzari.
 52596 | Depths:2 | Identified the +7 long sword "Ampoja" {flame, rC+ Str+5}
 52792 | Depths:2 | Noticed a juggernaut
 52812 | Depths:2 | Killed a juggernaut
 53013 | Depths:2 | Found a runed translucent door.
 53014 | Depths:2 | Found a runed translucent door.
 53139 | Depths:2 | Identified the +3 dagger "Veleocsy" {freeze, *Noise rC++
                  | Dex+4}
 53553 | Depths:2 | Found a gateway to a bazaar.
 53568 | Bazaar   | Entered a bazaar
 53568 | Bazaar   | Found Fimuatitz's Jewellery Boutique.
 53568 | Bazaar   | Found Tyodgh's Weapon Shop.
 53568 | Bazaar   | Found Zuijios's General Store.
 53570 | Bazaar   | Found Dyfecs's Armour Emporium.
 53570 | Bazaar   | Found Tiwno's Weapon Shop.
 53609 | Bazaar   | Bought a +0 tower shield for 67 gold pieces
 53819 | Depths:3 | Received a gift from Trog
 54109 | Depths:3 | Found a one-way gate to the infinite horrors of the Abyss.
 54131 | Depths:3 | Reached skill level 25 in Unarmed Combat
 54165 | Depths:3 | Noticed a golden dragon
 54165 | Depths:3 | Noticed a golden dragon
 54175 | Depths:3 | Killed a golden dragon
 54188 | Depths:3 | Killed a golden dragon
 54257 | Depths:3 | Found the +18 shield of the Gong {Loud rN+ Will+ rCorr
                  | EV-5}
 54257 | Depths:3 | Noticed a juggernaut
 54276 | Depths:3 | Killed a juggernaut
 54286 | Depths:3 | Reached XP level 23. HP: 188/241 MP: 22/22
 54307 | Depths:3 | Identified the +0 leather armour "Edyddum" {rElec Str+3}
 54309 | Depths:3 | Identified the amulet of the Invisible Hand {rElec rPois
                  | Regen+}
 54411 | Depths:3 | Noticed Boris
 54426 | Depths:3 | Killed Boris
 54449 | Depths:3 | Received a gift from Trog
 54478 | Depths:3 | HP: 18/361 [deep troll (4)]
 54478 | Depths:3 | HP: 2/361 [deep troll shaman (15)]
 54481 | Depths:3 | Slain by a deep troll

Illustrated notes

Levels and vault maps discovered:
D:1:      heliophobic_arrival_ceremonial_halls, layout_loops_ring,
          roderic_nine_men_s_morris
D:2:      layout_loops_ring, basic_altar, basic_ecumenical_altar,
          minmay_quantized
D:3:      layout_basic, gup_sewer_entry_bubbles, st_stairs_13,
          minmay_pentomino_pile
D:4:      layout_loops_cross, mainiacjoe_overflow_alcove_2,
          gammafunk_ghost_arena
D:5:      layout_basic, ebering_dispersal_statue_hall, uniq_edmund,
          uniq_crazy_yiuf_cottage, uniq_ijyb, uniq_blork_the_orc
D:6:      layout_loops_ring, kennysheep_little_box,
          mainiacjoe_overflow_alcove_1, kennysheep_potato
D:7:      layout_loops_corners, tso_oasis_becter, minmay_temple_entry_overgrown,
          uniq_duvessa, uniq_pikel, uniq_menkaure
D:8:      cheibrodos_fertilizer, layout_basic,
          mainiacjoe_overflow_six_doors_small, nicolae_dithmenos_shadow_blocks,
          hellmonk_lair_entry_icy, serial_park_tiny_pond
D:9:      layout_loops_corners, enter_bailey_3, nrook_pool_corridor
D:10:     layout_grid_maze, serial_shops, shop
D:11:     layout_grid_maze, orc_david_3, gammafunk_ghost_nasty_kobolds,
          fedhas_altar_1
D:12:     layout_cave_pools, uniq_josephine, uniq_psyche, uniq_nessos
D:13:     layout_stronghold, david_vaults_4
D:14:     layout_basic
D:15:     grunt_enter_depths_snipers, layout_loops_ring
Lair:1:   layout_chaotic_city, gammafunk_ghost_ooze, beast_lair_carwin_2
Lair:2:   layout_cave_pods, spider_nest_entry_web_field, uniq_harold
Lair:3:   nzn_motion_control, layout_gridlike, nicolae_swamp_entry_spooky,
          beast_lair_carwin_8
Lair:4:   layout_gridlike, ebering_ghost_reflecting_pool
Lair:5:   grunt_lair_end_beastmaster, layout_loops_ring, slime_entry_1,
          ebering_ghost_inner_flame, grunt_megastairs_2,
          infiniplex_staircase_pool, uniq_rupert
Swamp:1:  layout_falls_marsh, hangedman_swamp_ruin_wall, swamp_pool1,
          worms_lemuel
Swamp:2:  layout_falls_marsh, gammafunk_ghost_cemetery,
          evilmike_swamp_ruin_rubble_1, uniq_frances
Swamp:3:  layout_basic_swamp, hangedman_swamp_blocks, swamp_pool1,
          nicolae_swamp_trees_clearing, hangedman_swamp_pad,
          nicolae_swamp_well_well_well
Swamp:4:  swamp_old_school, layout_basic_swamp
Spider:1: layout_spider_delve, drop_trap
Spider:2: layout_cave_pods
Spider:3: layout_chambers
Spider:4: floodkiller_spider_rune_tomb
Orc:1:    layout_caves, basic_altar, serial_shops,
          nicolae_shop_overgrown_old_shop, statue_in_the_mist_lemuel
Orc:2:    st_orc_mages, layout_diamond_mine, uniq_saint_roka
Elf:1:    eino_elf_arrival_sip, layout_rooms, basic_altar,
          portal_desolation_entry_holy_temple, minmay_elf_sorcery,
          grunt_ministairs_14, dreamdust_mushroom_princess, st_stairs_9
Elf:2:    elven_hall_of_blades_hangedman_alternative
          [nicolae_blade_entry_diamond_columns], layout_geoelf_grid
Elf:3:    minmay_elf_hall_four_x, layout_loops_ring, serial_shops,
          shop_fountains, shop, shop
Vaults:1: biasface_ghost_orc_armoury, nicolae_vaults_oval_intersection,
          nicolae_vaults_ellipses_ellipsis, ontoclasm_vaults_chip,
          nicolae_vaults_tetromino_L_2, vaults_dpeg_emergency_exit, v_rooms_2,
          v_misc_3, nicolae_vaults_closet_pinwheel_1,
          nicolae_vaults_taking_the_gang_shopping, nicolae_vaults_house_2,
          st_lines, vaults_dpeg_ring, nicolae_vaults_rhombus_5,
          layout_vaults_maze_snakey
Vaults:2: hangedman_vaults_nodes, v_pattern_4, minmay_crypt_entry_simple_round,
          vaults_room_ringed_pool, hangedman_vaults_corner, v_misc_26,
          ontoclasm_vaults_shuriken, hangedman_vaults_maws, vaults_room_pools,
          v_misc_23, nicolae_vaults_mini_display_case,
          nicolae_vaults_security_offices_2, ontoclasm_vaults_gateway,
          layout_vaults_omnicross, uniq_sojobo
Vaults:3: gammafunk_ghost_cemetery, ontoclasm_vaults_ligature, v_rooms_1,
          nicolae_vaults_turnstiles, hangedman_vaults_stitches,
          grunt_vaults_funnel, dpeg_vaults_monster_row,
          nicolae_vaults_surprise_closet, nicolae_vaults_offset_grid_hallway_1,
          ontoclasm_vaults_tryst, nicolae_vaults_ring_of_whatevers,
          layout_vaults_ring
Vaults:4: nicolae_vaults_closet_pinwheel_2, nicolae_vaults_apartment_2,
          ontoclasm_vaults_ring_small, vaults_dpeg_diagonal,
          nicolae_vaults_house_1, vaults_room_pools, nicolae_vaults_little_ls,
          v_alt_pattern_6, vaults_room_door_hall, nicolae_vaults_network_square,
          vaults_dpeg_cross, layout_vaults_big_room
Depths:1: layout_gridlike, enter_ziggurat_b, hell_entry, minmay_misc_feat_five,
          minmay_hidden_floor, uniq_asterion
Depths:2: minmay_the_grid_triangle_9x9_recursive_3
          [minmay_the_grid_triangle_9x9_tough_junction,
          minmay_the_grid_triangle_9x9_sprig,
          minmay_the_grid_triangle_9x9_checkered,
          minmay_the_grid_triangle_9x9_prize_top_heavy,
          minmay_the_grid_triangle_9x9_zippers_horizontal,
          minmay_the_grid_triangle_9x9_negative_grid,
          minmay_the_grid_triangle_9x9_descending_squares,
          minmay_the_grid_triangle_9x9_steps,
          minmay_the_grid_triangle_9x9_warning], layout_basic,
          hangedman_tar_grid_catacomb, rand_demon_pan_entry_5, serial_shops,
          statue_bzr, nicolae_shop_crystal, nicolae_shop_waterfront, shop,
          evilmike_ruin_ashenzari
Depths:3: minmay_octagon_city, layout_honeycomb, grunt_metal_band, abyss_entry,
          chequers_serial_rivers_micro_b, infiniplex_staircase_pool_2,
          uniq_boris

Skill      XL: |  1  2  3  4  5  6  7  8  9 10 11 12 13 14 15 16 17 18 19 20 21 22 |
---------------+-------------------------------------------------------------------+-----
Throwing       | 1 2 3 5 6 7 8 10 11 | 11.7
Unarmed Combat | 4 5 6 7 8 10 12 14 15 17 19 20 21 23 24 25 | 25.3
Fighting       | 3 4 5 6 7 8 9 10 11 12 13 14 15 16 | 16.8
Dodging        | 5 7 9 10 | 10.0
Armour         | 1 7 9 10 12 | 12.5
Shields        | 7 12 13 14 15 16 17 | 17.4
Stealth        | 3 |  3.0
Evocations     | 3 5 |  5.0

Action                     |  1- 3 |  4- 6 |  7- 9 | 10-12 | 13-15 | 16-18 | 19-21 | 22-24 || total
---------------------------+-------+-------+-------+-------+-------+-------+-------+-------++-------
  Melee: Unarmed           |   114 |   206 |   317 |   461 |  1081 |  1442 |  1564 |   515 ||  5700
         Punch             |     4 |     6 |    15 |    45 |    95 |       |       |       ||   165
  Throw: Stone             |       |     1 |     5 |    36 |       |       |       |       ||    42
         Boomerang         |       |       |       |    17 |     7 |       |       |       ||    24
         Large rock        |       |       |       |       |    66 |   126 |    34 |     3 ||   229
 Invoke: Berserk           |       |     2 |     6 |     5 |    16 |    17 |     4 |     1 ||    51
         Brothers in Arms  |       |       |       |       |       |       |     1 |       ||     1
  Evoke: Condenser vane    |       |       |       |       |       |       |     1 |       ||     1
    Use: Scroll            |       |       |       |    21 |     8 |    13 |     1 |     7 ||    50
         Potion            |       |       |       |     1 |       |     2 |       |       ||     3
   Stab: Sleeping          |     1 |     1 |       |       |       |       |       |       ||     2
         Confused          |       |       |       |       |     1 |       |     1 |       ||     2
         Distracted        |       |       |       |       |     1 |       |       |       ||     1
 Armour: Animal skin       |    21 |    86 |    19 |       |       |       |       |       ||   126
         Robe              |       |       |    41 |    76 |   142 |       |       |       ||   259
         Gold dragon scale |       |       |       |       |   155 |   508 |   334 |    99 ||  1096
  Dodge: Dodged            |    80 |   199 |   192 |   256 |   578 |   439 |   219 |    44 ||  2007
  Block: Other             |       |       |       |       |   147 |       |       |       ||   147
         Kite shield       |       |       |       |       |   107 |  1439 |  1120 |   203 ||  2869
         Reflection        |       |       |       |       |     7 |    61 |   116 |    10 ||   194
         Tower shield      |       |       |       |       |       |       |       |   209 ||   209
